 Dungeon Crawl Stone Soup version 0.31-a0-977-gc230f8ef24 (webtiles) character file.

Game seed: 12339741459887536002

48 timneilson the Ruffian (level 3, -2/24 HPs)
             Began as an Octopode Shapeshifter on Oct 29, 2023.
             Slain by Natasha (4 damage)
             ... on level 2 of the Dungeon.
             The game lasted 00:02:23 (1098 turns).

timneilson the Ruffian (Octopode Shapeshifter)      Turns: 1098, Time: 00:02:24

Health: -2/24      AC:  1    Str: 21    XL:     3   Next: 72%
Magic:  3/3        EV: 13    Int: 12    God:
Gold:   108        SH:  0    Dex: 11    Spells: 3/3 levels left

rFire   + .          .
                       - Unarmed
rCold   . . .        (no shield)
rNeg    . . .        (helmet currently unavailable)
rPois   .            (no amulet)
rElec   .            d - +6 ring of strength
rCorr   .            f - ring of protection from fire
SInv    .            (no ring)
Will    .....        (no ring)
Stlth   +++          (no ring)
HPRegen 0.24/turn    (no ring)
MPRegen 0.08/turn    (no ring)
                     (no ring)

%: no passive effects
@: beast-form
A: beast (slay +1), almost no armour, amphibious, 8 rings, camouflage 1,
gelatinous body 1, (nimble swimmer 1), tentacles
a: Begin Untransformation


You were on level 2 of the Dungeon.
You were a hulking beast.
You visited 1 branch of the dungeon, and saw 2 of its levels.

You collected 108 gold pieces.

Inventory:

Jewellery
 d - a +6 ring of strength (left tentacle)
 f - a ring of protection from fire (right tentacle)
Talismans
 b - a beast talisman
 c - a flux talisman
Scrolls
 i - a scroll of fog {unknown}
Potions
 a - a potion of lignification
 e - a potion of curing {unknown}
 g - a potion of mutation {unknown}
 h - a potion of might {unknown}


   Skills:
 * Level 1.7 Fighting
 * Level 2.4 Dodging
 + Level 1.2 Stealth
 * Level 3.3 Unarmed Combat
 + Level 0.5 Spellcasting
 * Level 3.2 Shapeshifting


You had 3 spell levels left.
You didn't know any spells.
Your spell library contained the following spells:

 Spells                   Type           Power      Damage    Failure   Level
 Manifold Assault         Tloc           0%         N/A       97%         4
 Dispersal                Tloc           0%         N/A       100%        6
 Disjunction              Tloc           0%         N/A       100%        8


Dungeon Overview and Level Annotations

Branches:
Dungeon (2/15)

Altars:

Annotations:
D:2 Natasha


Innate Abilities, Weirdness & Mutations

You are a hulking beast.
Your limbs bulge with bestial killing power. (Slay +1)
You cannot wear most types of armour.
You are amphibious.
You can wear up to eight rings at the same time.
Your skin changes colour to match your surroundings (Stealth+).
Your rubbery body absorbs attacks. (AC +1, EV +1)
((You are camouflaged when in or above water. (Stealth+)))
You have tentacles for arms and can constrict up to eight enemies at once.


Message History

You kill the bat!
i - a scroll labelled RIOFAWN CACERINEA You now have 108 gold pieces (gained 16).
A kobold comes into view. It is wielding a +0 club.
The kobold shouts!
You miss the kobold. Your grab misses the kobold. You squeeze the kobold.
You kill the kobold!
Things that are here:
a +0 club; a kobold corpse
There is a stone staircase leading down here.
Natasha, Servant of Life and Death comes into view.
A frilled lizard comes into view.
The helpless Natasha fails to defend herself.
You tentacle-slap Natasha. Your grab misses Natasha.
Natasha is lightly wounded.
Natasha claws you.
You tentacle-slap Natasha but do no damage.
Your grab misses Natasha.
Natasha is lightly wounded.
Natasha growls.
Natasha closely misses you.
You tentacle-slap Natasha. Your grab misses Natasha.
Your tentacle-slap misses Natasha.
Natasha is moderately wounded.
Natasha barely misses you.
You barely miss Natasha. Your grab misses Natasha.
Natasha is moderately wounded.
Natasha casts a spell at you. The magic dart hits you!
You tentacle-slap Natasha but do no damage.
Your grab misses Natasha.
Natasha is moderately wounded.
The frilled lizard hisses angrily.
Natasha claws you!
* * * LOW HITPOINT WARNING * * *
You tentacle-slap Natasha. Your grab misses Natasha.
Natasha is heavily wounded.
Natasha claws you.
You die...
Natasha begins licking her fur clean.

#...........##...###.###.# ###.##
######.#######..># #.###.# #....#
######.#######.#.# #.....# #.#..#
...............#.# #..#### #.#...
#######.....####.###....# #.#..#
### ##....##......#.#.# #.#.##
..# #....##...##.#.#.####.#.# #.#
#....##...##...#....#.#.## #'###
##.####..h#########.#.#... ....#
#.# #.h.##.....(....#... ....#
#.####.l.##.##.#..####...
....#####....#...##.......####...
.......#...#.#...#####.#.#...#...
...###.#...#.#...# #.#.#.#.####
...#.#.#.....##### #.....# ..
...#...#.#.### ###.#######
##.#.###.### #.......#


You could see Natasha and a frilled lizard.

Vanquished Creatures
  2 adders (D:2)
  A worm (D:2)
  A goblin (D:2)
  5 hobgoblins
  A kobold (D:2)
  A quokka (D:2)
  6 ball pythons
  5 bats
  2 frilled lizards (D:1)
  4 rats (D:1)
28 creatures vanquished.

Notes
Turn   | Place    | Note
-------+----------+-------------------------------------------
     0 | D:1      | timneilson the Octopode Shapeshifter began the quest for
                  | the Orb.
     0 | D:1      | Reached XP level 1. HP: 13/13 MP: 1/1
   277 | D:1      | Reached XP level 2. HP: 9/18 MP: 2/2
   715 | D:2      | Reached XP level 3. HP: 13/23 MP: 3/3
   848 | D:2      | Reached skill level 1 in Stealth
   958 | D:2      | Found a faded altar of an unknown god.
  1086 | D:2      | Noticed Natasha
  1098 | D:2      | Slain by Natasha

Illustrated notes

Levels and vault maps discovered:
D:1:      onia_arrival_mini_spirals, layout_basic, kennysheep_doodads,
          minmay_misc_feat_roman, grunt_decor_fettered, minivault_23
D:2:      layout_basic, chequers_ecumenical_altar_simple_redux,
          roderic_nine_men_s_morris, uniq_natasha

Skill      XL: |  1  2  3 |
---------------+----------+-----
Stealth        | 1 |  1.2
Fighting       | |  1.7
Dodging        | |  2.4
Unarmed Combat | |  3.3
Spellcasting   | |  0.5
Shapeshifting  | |  3.2

Action                     || total
---------------------------++-------
  Melee: Unarmed           ||    56
         Tentacles         ||     9
         Constrict         ||     9
         Punch             ||     1
    Use: Scroll            ||     2
   Stab: Sleeping          ||     9
 Armour: Skin              ||    26
  Dodge: Dodged            ||    31

Table legend: (Time is in decaauts)
 A = Elapsed time spent in this place.
 B = Non-inter-level travel time spent in this place.
 C = Inter-level travel time spent in this place.
 D = Time resting spent in this place.
 E = Time spent auto-exploring this place.
 F = Levels seen in this place.
 G = Mean time per level.
                   A        B        C        D        E       F      G
               +--------+--------+--------+--------+--------+-----+--------+
         Total |   1093 |   1067 |     26 |      0 |    800 |   2 |  546.5 |
       Dungeon |   1093 |   1067 |     26 |      0 |    800 |   2 |  546.5 |
               +--------+--------+--------+--------+--------+-----+--------+

Top non-repeatable levels by time:
     D:1: 702 daAuts
     D:2: 391 daAuts
